 Dungeon Crawl Stone Soup version 0.29-a0-397-g846e4a0bbc (webtiles) character file.

Game seed: 17870112626243746799

484 hquester the Ducker (level 6, 0/62 HPs)
             Began as a Troll Berserker on May 11, 2022.
             Was an Elder of Trog.
             Slain by a two-headed ogre
             ... wielding a +0 giant club
              (22 damage)
             ... on level 5 of the Dungeon.
             The game lasted 00:21:15 (2992 turns).

hquester the Ducker (Troll Berserker)               Turns: 2992, Time: 00:21:15

Health: 0/62       AC:  4    Str: 26    XL:     6   Next: 88%
Magic:  5/5        EV: 10    Int:  3    God:    Trog [****..]
Gold:   208        SH:  0    Dex: 11    Spells: 5/5 levels left

rFire   . . .      SeeInvis +     - Unarmed
rCold   . . .      Faith    .   (no shield)
rNeg    . . .      Spirit   .   b - +0 animal skin
rPois   .          Reflect  .   (helmet restricted)
rElec   .          Harm     .   (no cloak)
rCorr   .          Rampage  .   (gloves unavailable)
Will    .....                   (boots unavailable)
Stlth   +.........              (no amulet)
HPRegen 1.00/turn               l - ring of see invisible
MPRegen 0.09/turn               (no ring)

@: no status effects
A: large, unfitting armour, claws 3, regeneration 1, shaggy fur 1, tough skin 1
a: Renounce Religion, Berserk, Trog's Hand, Brothers in Arms


You were on level 5 of the Dungeon.
You worshipped Trog.
Trog was greatly pleased with you.
You visited 1 branch of the dungeon, and saw 5 of its levels.

You collected 208 gold pieces.

Inventory:

Hand Weapons
 a - a +0 hand axe
 f - a +2 whip of flaming
 h - a +3 dagger
 q - a +1 dagger of venom
Missiles
 j - 133 stones (quivered)
 k - 3 large rocks
 t - a throwing net
Armour
 b - a +0 animal skin (worn)
Jewellery
 l - a ring of see invisible (left claw)
 p - a ring of magical power
Wands
 s - a wand of flame (3)
Scrolls
 c - 5 scrolls of teleportation
 e - 3 scrolls of identify
 i - a scroll of fear {unknown}
 m - a scroll of fog {unknown}
 o - 2 scrolls of enchant armour
 r - a scroll of summoning
Potions
 d - 3 potions of haste
 g - 3 potions of heal wounds
 n - 3 potions of curing


   Skills:
 + Level 3.6 Fighting
 + Level 2.6(3.1) Axes
 + Level 2.5(3.2) Maces & Flails
 + Level 0.9 Throwing
 + Level 3.9 Dodging
 + Level 0.9 Stealth
 + Level 2.8 Unarmed Combat


You had 5 spell levels left.
You didn't know any spells.
Your spell library was empty.

Dungeon Overview and Level Annotations

Branches:
Dungeon (5/15)
 Temple: D:4-7

Altars:

Shops:
D:2 !   D:5 !

Annotations:
D:5 Pikel


Innate Abilities, Weirdness & Mutations

You are too large for most types of armour.
You have claws for hands.
Your natural rate of healing is unusually fast.
You are covered in fur. (AC +1)
You have tough skin. (AC +1)


Message History

The lemure shouts!
A two-headed ogre comes into view. It is wielding two +0 giant clubs.
A lemure comes into view.
The lemure shouts!
Pikel, Merchant of Souls comes into view.
He is wielding a +1 whip of flaming.
The two-headed ogre shouts in stereo!
A lemure comes into view.
You see here 17 stones.
The lemure shouts!
The lemure attacks as you move away! The lemure hits you!
The lemure attacks as you move away! The lemure hits you!
The lemure attacks as you move away! The lemure closely misses you.
The lemure attacks as you move away! The lemure hits you.
The lemure attacks as you move away! The lemure hits you.
You scratch the lemure. Your claw misses the lemure.
The lemure is lightly wounded.
The lemure hits you.
You claw the lemure!
The lemure is severely wounded.
Pikel says, "Don't tell anyone, but I think Ereshkigal likes me."
You scratch the lemure.
The lemure is lightly wounded.
The lemure hits you. The lemure hits you but does no damage.
You closely miss the lemure.
The lemure is lightly wounded.
The lemure hits you but does no damage. The lemure hits you!
You claw the lemure!
You kill the lemure!
That felt strangely unrewarding.
The lemure closely misses you.
You claw the lemure!
The lemure is heavily wounded.
The lemure hits you.
You claw the lemure!
You kill the lemure!
That felt strangely unrewarding.
You claw the two-headed ogre!
The two-headed ogre is lightly wounded.
The two-headed ogre hits you with a +0 giant club!
The two-headed ogre hits you with a +0 giant club!!
You die...

#............
##..##........
##....<........
##............##......#..
#.........###.##........
##...##.#...# .........
##.....#...# ##......##
##....##.## #........#
#...####@.####.....#.####
#...#..#O###...##K.#.....
#.......5K##...##O5.....?
##.....#.......##........
###.###.......#5......††
### #......K#.........
#.#...∩......##.....
#...........##.......
#.......#....##......#


You could see a two-headed ogre, Pikel and a lemure.

Vanquished Creatures
  2 lemures (D:5)
  A necrophage (D:4)
  A jelly (D:4)
  An orc priest (D:4)
  2 iguanas (D:5)
  Natasha (D:3)
  2 orc wizards (D:4)
  Robin (D:3)
  4 gnolls (D:4)
  7 adders
  A shadow imp (D:5)
  A worm (D:2)
  A dart slug (D:1)
  8 orcs
  8 bats
  10 endoplasms
  2 giant cockroaches
  16 goblins
  7 hobgoblins
  4 jackals (D:4)
  10 kobolds
  3 quokkas
  11 ball pythons
  7 frilled lizards
  6 rats
117 creatures vanquished.

Notes
Turn   | Place    | Note
-------+----------+-------------------------------------------
     0 | D:1      | hquester the Troll Berserker began the quest for the Orb.
     0 | D:1      | Reached XP level 1. HP: 22/22 MP: 0/0
    42 | D:1      | Reached XP level 2. HP: 18/29 MP: 1/1
   234 | D:1      | Reached XP level 3. HP: 36/36 MP: 2/2
   387 | D:1      | Found a faded altar of an unknown god.
   615 | D:2      | Reached ** piety under Trog
   853 | D:2      | Reached skill level 1 in Unarmed Combat
  1221 | D:2      | Found Denada's Distillery.
  1353 | D:2      | Reached XP level 4. HP: 41/44 MP: 3/3
  1747 | D:3      | Noticed Robin
  1767 | D:3      | Reached *** piety under Trog
  1788 | D:3      | Killed Robin
  1789 | D:3      | Reached XP level 5. HP: 30/53 MP: 4/4
  1972 | D:3      | Noticed Natasha
  1979 | D:3      | Killed Natasha
  2298 | D:4      | Reached skill level 1 in Maces & Flails
  2359 | D:4      | Reached XP level 6. HP: 59/61 MP: 5/5
  2674 | D:4      | Reached **** piety under Trog
  2913 | D:5      | Entered Level 5 of the Dungeon
  2928 | D:5      | Found Avaoff's Distillery.
  2968 | D:5      | Noticed a two-headed ogre
  2970 | D:5      | Noticed Pikel
  2992 | D:5      | Slain by a two-headed ogre

Illustrated notes

Levels and vault maps discovered:
D:1:      dpeg_arrival_arbitrary_c, layout_rooms, basic_ecumenical_altar,
          chequers_serial_rivers_micro_a
D:2:      minmay_skewed_foursquare, layout_loops_cross, serial_shops,
          nicolae_square_shop, minmay_misc_feat_x,
          hangedman_decor_diamond_cutter
D:3:      layout_loops_ring, minmay_snake_closets, uniq_robin, uniq_natasha
D:4:      layout_rooms, skrybe_limestone_x, columned_hall_lemuel
D:5:      layout_cave_pools, serial_shops, shop, shop,
          nicolae_shop_behind_doors, nicolae_shop_bloodbath_and_beyond,
          st_stairs_7, dk_rats_in_the_wall, uniq_pikel

Skill      XL: |  1  2  3  4  5  6 |
---------------+-------------------+-----
Dodging        | 3 |  3.9
Unarmed Combat | 1 2 |  2.8
Fighting       | 3 |  3.6
Maces & Flails | 1 2 |  2.5
Axes           | |  2.6
Throwing       | |  0.9
Stealth        | |  0.9

Action                   |  1- 3 |  4- 6 || total
-------------------------+-------+-------++-------
Melee: Unarmed           |   129 |    86 ||   215
       Punch             |     1 |     1 ||     2
       Whip              |       |   109 ||   109
       Hand axe          |       |     8 ||     8
Throw: Stone             |    11 |    11 ||    22
  Use: Scroll            |     8 |     2 ||    10
 Stab: Sleeping          |     2 |     4 ||     6
Armor: Animal skin       |    77 |    73 ||   150
Dodge: Dodged            |    81 |   122 ||   203

Table legend: (Time is in decaauts)
 A = Elapsed time spent in this place.
 B = Non-inter-level travel time spent in this place.
 C = Inter-level travel time spent in this place.
 D = Time resting spent in this place.
 E = Time spent auto-exploring this place.
 F = Levels seen in this place.
 G = Mean time per level.
                   A        B        C        D        E       F      G
               +--------+--------+--------+--------+--------+-----+--------+
         Total |   2987 |   2981 |      6 |      0 |   1722 |   5 |  597.4 |
       Dungeon |   2987 |   2981 |      6 |      0 |   1722 |   5 |  597.4 |
               +--------+--------+--------+--------+--------+-----+--------+

Top non-repeatable levels by time:
     D:2: 928 daAuts
     D:3: 751 daAuts
     D:4: 668 daAuts
     D:1: 562 daAuts
     D:5: 78 daAuts
